 Dungeon Crawl Stone Soup version 0.21-a0 (webtiles) character file.

429 JeffiDaFish the Shield-Bearer (level 6, -10/38 HPs)
             Began as a Gargoyle Fighter on May 18, 2017.
             Mangled by an ogre
             ... wielding a +0 giant spiked club
              (17 damage)
             ... on level 4 of the Dungeon.
             The game lasted 00:05:57 (3096 turns).

JeffiDaFish the Shield-Bearer (Gargoyle Fighter)    Turns: 3096, Time: 00:05:57

Health: -10/38     AC: 16    Str: 22    XL:     6   Next: 98%
Magic:  6/6        EV:  4    Int:  8    God:
Gold:   162        SH: 11    Dex: 11    Spells: 5/5 levels left

rFire    . . .     SeeInvis .   d - +0 morningstar
rCold    . . .     Gourm    .   c - +1 shield
rNeg     + . .     Faith    .   n - +0 plate armour
rPois    ∞         Spirit   .   (no helmet)
rElec    +         Reflect  .   (no cloak)
rCorr    .         Harm     .   (no gloves)
MR       +....                  (no boots)
Stlth    ..........             (no amulet)
Regen    0.2/turn               e - ring of protection from magic
MPRegen  0.1/turn               g - +2 ring of strength

@: no status effects
A: negative energy resistance 1, electricity resistance, unbreathing,
petrification resistance, rot immunity, AC +4
a: no special abilities


You were on level 4 of the Dungeon.
You were not hungry.

You visited 1 branch of the dungeon, and saw 4 of its levels.

You collected 162 gold pieces.

Inventory:

Hand Weapons
 d - a +0 morningstar (weapon)
Armour
 c - a +1 shield (worn)
 n - a +0 plate armour (worn)
Jewellery
 e - a ring of protection from magic (left hand)
 g - a +2 ring of strength (right hand)
Scrolls
 h - 3 scrolls of identify
 i - 2 scrolls of remove curse
 l - 2 scrolls of magic mapping
 m - a scroll of teleportation
Potions
 k - a potion of cancellation
Comestibles
 b - a meat ration
 f - 4 bread rations
 j - 2 royal jellies


   Skills:
 + Level 3.8 Fighting
 + Level 4.8 Maces & Flails
 + Level 4.5 Armour
 + Level 0.5 Dodging
 + Level 5.3 Shields


You had 5 spell levels left.
You didn't know any spells.

Dungeon Overview and Level Annotations

Branches:
Dungeon (4/15)
 Temple: D:4-7

Altars:
Qazlal

Shops:
D:4 =(!


Innate Abilities, Weirdness & Mutations

You are resistant to torment.
Your stone body is resilient. (AC +4)
You are immune to poison.
You resist negative energy. (rN+)
You are resistant to electric shocks. (rElec)
You can survive without breathing.
You are immune to petrification.
You are immune to rotting.


Message History

You hit the ogre.
The ogre is lightly wounded.
You block the ogre's attack.
You hit the ogre.
The ogre is lightly wounded.
You block the ogre's attack.
Your shield and plate armour prevent you from hitting the ogre.
The ogre is lightly wounded.
You block the ogre's attack.
You hit the ogre but do no damage.
The ogre is lightly wounded.
The ogre hits you with a giant spiked club!
* * * LOW HITPOINT WARNING * * *
You hit the ogre.
The ogre is moderately wounded.
The ogre hits you but does no damage.
You hit the ogre.
The ogre is heavily wounded.
The ogre hits you with a giant spiked club!
You die...

#....# #..#.#####
#..#.# ##.#......##
..##.## #..........##
..##..###...........#
#..##...............#
##.......#..........#
###..##..#[.....)..<#
# #..###....(...O...#
##...# ##.#.....@..##
##.#.####.#........##
....................#
....#.## #..........#
.####.## #..........#
.......###..........#
.....#....∩.........#
####.....#.........##
. ####...........##


You could see an ogre.

Vanquished Creatures
  2 scorpions
  3 orc priests
  3 orc wizards
  An iguana (D:3)
  5 adders
  An adder skeleton (D:4)
  2 dart slugs
  3 leopard geckos
  9 orcs
  A ball python (D:2)
  5 giant cockroaches
  A goblin (D:2)
  3 hobgoblins
  16 jackals
  5 bats
  6 frilled lizards
  A jackal skeleton (D:4)
  9 kobolds
  3 rats
79 creatures vanquished.

Notes
Turn   | Place    | Note
-------+----------+-------------------------------------------
     0 | D:1      | JeffiDaFish the Gargoyle Fighter began the quest for the Orb.
     0 | D:1      | Reached XP level 1. HP: 14/14 MP: 1/1
   140 | D:1      | Reached XP level 2. HP: 19/19 MP: 2/2
   401 | D:1      | Reached skill level 4 in Shields
   407 | D:1      | Reached XP level 3. HP: 12/23 MP: 3/3
  1110 | D:2      | Reached XP level 4. HP: 28/28 MP: 4/4
  1547 | D:3      | Reached XP level 5. HP: 4/32 MP: 5/5
  1985 | D:3      | Found a stormy altar of Qazlal.
  2350 | D:3      | Reached skill level 5 in Shields
  2350 | D:3      | Reached XP level 6. HP: 13/37 MP: 6/6
  2771 | D:4      | Found Otrogig's Weapon Shop.
  2975 | D:4      | Found Fucku's Jewellery Shop.
  3067 | D:4      | Found Nineuty's Distillery.
  3096 | D:4      | Mangled by an ogre

Vault maps used:
D:1:      lightli_molten_gateway
D:3:      grunt_qazlal_sundering
D:4:      serial_shops, shop, shop, nicolae_shop_window_shopping, first_bread

Skill      XL: |  1  2  3  4  5  6 |
---------------+-------------------+-----
Shields        | 4 5 |  5.3
Armour         | 4 |  4.5
Maces & Flails | 3 4 |  4.8
Fighting       | |  3.8
Dodging        | |  0.5

Action                   |  1- 3 |  4- 6 || total
-------------------------+-------+-------++-------
Melee: Flail             |   164 |    36 ||   200
       Morningstar       |       |   140 ||   140
  Use: Potion            |     1 |     4 ||     5
       Scroll            |     3 |     3 ||     6
  Eat: Chunk             |     1 |     7 ||     8
Armor: Scale mail        |    99 |    29 ||   128
       Chain mail        |       |    99 ||    99
       Plate armour      |       |     2 ||     2
Dodge: Dodged            |    73 |    66 ||   139
Block: Shield            |   114 |   117 ||   231
